 Dungeon Crawl Stone Soup version 0.23.2-1-ga50397a (console) character file.

Game seed: 9839478958967574017

140 Xtruder99 the Ducker (level 5, -3/47 HPs)
             Began as a Gnoll Monk on May 26, 2019.
             Slain by Purgy (7 damage)
             ... in a sewer on May 27, 2019.
             The game lasted 00:08:32 (1974 turns).

Xtruder99 the Ducker (Gnoll Monk)                   Turns: 1974, Time: 00:08:33

Health: -3/47      AC:  2    Str: 14    XL:     5   Next: 22%
Magic:  7/7        EV: 16    Int: 15    God:
Gold:   188        SH:  4    Dex: 17    Spells: 6/6 levels left

rFire    . . .     SeeInvis .   a - +0 hand axe
rCold    . . .     Gourm    .   (no shield)
rNeg     + . .     Faith    .   b - +0 robe
rPois    +         Spirit   .   (no helmet)
rElec    .         Reflect  .   (no cloak)
rCorr    .         Harm     .   (no gloves)
MR       .....                  (no boots)
Stlth    +++.......             (no amulet)
HPRegen  0.15/turn              p - ring of positive energy
MPRegen  0.10/turn              q - ring of poison resistance

@: no status effects
A: distributed training, fangs 1, large bone plates 1, clever 1, wild magic 1,
strong nose
a: no special abilities


You were in a sewer.
You were not hungry.

You visited 1 branch of the dungeon, and saw 3 of its levels.
You also visited: Sewer.

You collected 188 gold pieces.

Inventory:

Hand Weapons
 a - a +0 hand axe (weapon)
 n - a +0 hunting sling
Missiles
 j - 16 sling bullets
Armour
 b - a +0 robe (worn)
Jewellery
 p - a ring of positive energy (left hand)
 q - a ring of poison resistance (right hand)
Scrolls
 o - a scroll of identify
Comestibles
 c - 6 rations
 d - 2 chunks of flesh


   Skills:
 + Level 6.6 Fighting
 + Level 1.4 Short Blades
 + Level 1.4 Long Blades
 + Level 6.6 Axes
 + Level 1.4 Maces & Flails
 + Level 1.4 Polearms
 + Level 1.4 Staves
 + Level 1.4 Slings
 + Level 1.4 Bows
 + Level 1.4 Crossbows
 + Level 1.4 Throwing
 + Level 1.4 Armour
 + Level 6.6 Dodging
 + Level 4.3 Stealth
 + Level 1.4 Shields
 + Level 1.4 Unarmed Combat
 + Level 1.4 Spellcasting
 + Level 1.1 Conjurations
 + Level 1.1 Hexes
 + Level 1.1 Charms
 + Level 1.1 Summonings
 + Level 1.1 Necromancy
 + Level 1.1 Translocations
 + Level 1.1 Transmutations
 + Level 1.1 Fire Magic
 + Level 1.1 Ice Magic
 + Level 1.1 Air Magic
 + Level 1.1 Earth Magic
 + Level 1.1 Poison Magic
 + Level 1.5 Invocations
 + Level 1.4 Evocations


You had 6 spell levels left.
You didn't know any spells.
Your spell library was empty.

Dungeon Overview and Level Annotations

Branches:
Dungeon (3/15)

Altars:

Annotations:
Sewer Purgy


Innate Abilities, Weirdness & Mutations

Your experience applies equally to all skills.
You have very sharp teeth.
Your uncanny sense of smell can sniff out nearby items.
You are partially covered in large bone plates. (SH +4)
Your mind is acute. (Int +2)
Your spells are a little harder to cast, but a little more powerful.


Message History

Purgy barely misses you. Purgy claws you.
* * * LOW HITPOINT WARNING * * *
Purgy completely misses you.
You completely miss Purgy.
Purgy is severely wounded.
Purgy bites you.
* * * LOW HITPOINT WARNING * * *
Purgy claws you.
* * * LOW HITPOINT WARNING * * *
Purgy claws you but does no damage.
You slash Purgy!
Purgy is almost dead.
Purgy completely misses you. Purgy claws you.
* * * LOW HITPOINT WARNING * * *
Purgy closely misses you.
You closely miss Purgy.
Purgy is almost dead.
Purgy looks around nervously.
Purgy bites you!
You die...

≈≈≈≈≈≈≈..# ≈≈≈≈≈≈≈.###
#≈≈≈≈≈≈≈..# ≈≈≈≈≈≈≈≈.≈##
≈≈≈≈≈≈≈≈.≈.## ##
≈≈≈≈≈≈≈≈≈≈≈≈## ..≈
≈≈≈≈≈≈≈≈≈≈≈≈≈## ##≈≈≈≈
#≈≈≈≈≈≈≈≈≈≈≈≈.#####.≈≈≈≈≈
#≈≈≈≈≈≈≈≈≈≈≈≈≈#.@#≈≈≈≈≈≈≈
≈≈≈≈≈≈≈≈≈≈≈≈≈≈≈T†≈≈≈≈≈≈≈
≈≈≈≈≈≈≈≈≈≈≈≈≈≈≈≈≈≈≈≈≈≈≈
≈≈≈≈≈≈≈≈≈≈≈≈≈≈≈≈≈≈≈≈≈≈
≈≈≈≈≈≈≈≈≈≈≈≈≈≈≈≈≈≈≈≈≈
≈≈≈≈≈≈≈≈≈≈≈≈≈≈≈≈≈≈≈≈
≈≈≈≈≈≈≈≈≈≈≈≈≈≈≈≈≈≈≈
#≈≈≈≈≈≈#≈≈≈≈≈≈≈≈≈≈≈
#≈≈#####≈###≈#####


You could see Purgy.

Vanquished Creatures
  2 river rats (D:3)
  5 adders
  An ooze (D:1)
  4 worms
  2 dart slugs (D:1)
  4 leopard geckos
  3 giant cockroaches
  3 goblins
  5 hobgoblins
  2 jackals
  A quokka (D:2)
  9 bats
  10 frilled lizards
  4 kobolds
  7 rats
62 creatures vanquished.

Notes
Turn   | Place    | Note
-------+----------+-------------------------------------------
     0 | D:1      | Xtruder99 the Gnoll Monk began the quest for the Orb.
     0 | D:1      | Reached XP level 1. HP: 23/23 MP: 1/1
   122 | D:1      | Reached XP level 2. HP: 3/29 MP: 2/2
   762 | D:1      | Reached XP level 3. HP: 35/35 MP: 3/3
  1189 | D:2      | Reached skill level 1 in Invocations
  1232 | D:2      | Reached skill level 1 in Short Blades
  1232 | D:2      | Reached skill level 1 in Long Blades
  1232 | D:2      | Reached skill level 1 in Maces & Flails
  1232 | D:2      | Reached skill level 1 in Polearms
  1232 | D:2      | Reached skill level 1 in Staves
  1232 | D:2      | Reached skill level 1 in Slings
  1232 | D:2      | Reached skill level 1 in Bows
  1232 | D:2      | Reached skill level 1 in Crossbows
  1232 | D:2      | Reached skill level 1 in Throwing
  1232 | D:2      | Reached skill level 1 in Armour
  1232 | D:2      | Reached skill level 1 in Shields
  1232 | D:2      | Reached skill level 1 in Unarmed Combat
  1232 | D:2      | Reached skill level 1 in Spellcasting
  1232 | D:2      | Reached skill level 1 in Evocations
  1234 | D:2      | Reached XP level 4. HP: 25/41 MP: 5/5
  1246 | D:2      | Gained mutation: You are partially covered in large bone
                  | plates. (SH +4) [potion of mutation]
  1246 | D:2      | Gained mutation: Your spells are a little harder to cast,
                  | but a little more powerful. [potion of mutation]
  1246 | D:2      | Gained mutation: Your mind is acute. (Int +2) [potion of
                  | mutation]
  1748 | D:3      | Reached skill level 1 in Conjurations
  1748 | D:3      | Reached skill level 1 in Hexes
  1748 | D:3      | Reached skill level 1 in Charms
  1748 | D:3      | Reached skill level 1 in Summonings
  1748 | D:3      | Reached skill level 1 in Necromancy
  1748 | D:3      | Reached skill level 1 in Translocations
  1748 | D:3      | Reached skill level 1 in Transmutations
  1748 | D:3      | Reached skill level 1 in Fire Magic
  1748 | D:3      | Reached skill level 1 in Ice Magic
  1748 | D:3      | Reached skill level 1 in Air Magic
  1748 | D:3      | Reached skill level 1 in Earth Magic
  1748 | D:3      | Reached skill level 1 in Poison Magic
  1839 | D:3      | Reached XP level 5. HP: 43/47 MP: 6/6
  1846 | D:3      | Found a glowing drain.
  1865 | Sewer    | Entered a sewer
  1945 | Sewer    | Noticed Purgy
  1974 | Sewer    | Slain by Purgy

Skill      XL: |  1  2  3  4 |
---------------+-------------+-----
Invocations    | 1 |  1.5
Short Blades   | 1 |  1.4
Long Blades    | 1 |  1.4
Maces & Flails | 1 |  1.4
Polearms       | 1 |  1.4
Staves         | 1 |  1.4
Slings         | 1 |  1.4
Bows           | 1 |  1.4
Crossbows      | 1 |  1.4
Throwing       | 1 |  1.4
Armour         | 1 |  1.4
Shields        | 1 |  1.4
Unarmed Combat | 1 |  1.4
Spellcasting   | 1 |  1.4
Evocations     | 1 |  1.4
Conjurations   | 1 |  1.1
Hexes          | 1 |  1.1
Charms         | 1 |  1.1
Summonings     | 1 |  1.1
Necromancy     | 1 |  1.1
Translocations | 1 |  1.1
Transmutations | 1 |  1.1
Fire Magic     | 1 |  1.1
Ice Magic      | 1 |  1.1
Air Magic      | 1 |  1.1
Earth Magic    | 1 |  1.1
Poison Magic   | 1 |  1.1
Fighting       | |  6.6
Axes           | |  6.6
Dodging        | |  6.6
Stealth        | |  4.3

Action                   |  1- 3 |  4- 6 || total
-------------------------+-------+-------++-------
Melee: Hand axe          |    81 |   119 ||   200
       Bite              |     5 |     8 ||    13
       Punch             |       |     1 ||     1
 Fire: Hunting sling     |       |    11 ||    11
  Use: Scroll            |       |     5 ||     5
       Potion            |       |     6 ||     6
 Stab: Sleeping          |    11 |     2 ||    13
       Distracted        |       |     1 ||     1
  Eat: Chunk             |     1 |     3 ||     4
Armor: Robe              |     8 |    15 ||    23
Dodge: Dodged            |    67 |   122 ||   189
Block: Other             |       |    21 ||    21
